 Dungeon Crawl Stone Soup version bcrawl-1.37.2 (webtiles) character file.

Game seed: 2273572368714169461

207901 Mehrunes the Firebug (level 7, -1/46 HPs)
             Began as a Mummy Fire Elementalist on Nov 8, 2022.
             Shot with an arrow by a centaur (10 damage)
             ... on level 4 of the Dungeon.
             The game lasted 00:07:35 (4024 turns).

Mehrunes the Firebug (Mummy Fire Elementalist)      Turns: 4024, Time: 00:07:35

Health: -1/46      AC:  2    Str: 12    XL:     7   Next: 34%
Magic:  13/13      EV: 12    Int: 21    God:
Gold:   166        SH:  0    Dex: 12    Spells: 6/14 levels left

rFire    x . .     GDR:     24% q - +2 short sword (venom)
rCold    + + .     SeeInvis .   (no shield)
rNeg     + + +     Gourm    .   a - +0 robe
rPois    ∞         Faith    .   (no helmet)
rElec    .         Spirit   .   (no cloak)
rCorr    .         Reflect  .   (no gloves)
MR       .....     Clarity  +   (no boots)
Stlth    ++........             (no amulet)
HPRegen  0.17/turn              e - ring of protection from cold
MPRegen  0.13/turn              p - +5 ring of intelligence

@: no status effects
A: no food or potions, fire vulnerability, clarity, cold resistance 1, negative
energy resistance 3, torment resistance, unbreathing, strong hexes 1
a: no special abilities


You were on level 4 of the Dungeon.
You were not hungry.

You visited 1 branch of the dungeon, and saw 4 of its levels.

You collected 166 gold pieces.

Inventory:

Hand Weapons
 j - a +0 hunting sling
 l - a +0 dagger
 n - a +0 short sword of flaming
 q - a +2 short sword of venom (weapon)
Missiles
 d - 218 stones (quivered)
 k - a throwing net {=f}
 o - 73 poisoned tomahawks
Armour
 a - a +0 robe (worn)
Jewellery
 e - a ring of protection from cold (left hand)
 p - a +5 ring of intelligence (right hand)
 s - an uncursed ring of poison resistance {unknown}
 u - a cursed ring of ice {unknown}
Wands
 c - a wand of flame (1)
Scrolls
 b - 3 scrolls of amnesia
 f - a scroll of blinking {unknown}
 g - 2 scrolls of fog
 h - 3 scrolls of remove curse
 i - 2 scrolls of identify
 m - 3 scrolls of teleportation
 r - a scroll of enchant armour {unknown}
 t - a scroll of noise {unknown}


   Skills:
 - Level 1.5 Dodging
 - Level 2.1 Stealth
 - Level 4.0 Spellcasting
 + Level 4.4 Conjurations
 + Level 5.1 Fire Magic


You had 6 spell levels left.
You knew the following spells:

 Your Spells              Type           Power        Failure   Level  Hunger
a - Flame Tongue          Conj/Fire      ###..        1%          1    N/A
b - Conjure Flame         Conj/Fire      ###.....     4%          3    N/A
c - Sticky Flame          Conj/Fire      ###.....     17%         4    N/A

Your spell library contained the following spells:

 Spells                   Type           Power        Failure   Level  Hunger
 Flaming Arrows           Chrm/Fire      ###.....     6%          2    N/A
 Apportation              Tloc           #.....       12%         1    N/A
 Corona                   Hex            #......      12%         1    N/A
 Infusion                 Chrm           #.......     12%         1    N/A
 Sandblast                Erth           #.....       12%         1    N/A
 Slow                     Hex            #.......     12%         1    N/A
 Summon Butterflies       Summ           #.......     12%         1    N/A
 Inner Flame              Hex/Fire       N/A          13%         3    N/A
 Fireball                 Conj/Fire      ###.......   43%         5    N/A

Dungeon Overview and Level Annotations

Branches:
Dungeon (4/12)
 Temple: D:4-7

Altars:
Makhleb

Shops:
D:4 (

Annotations:
D:1 1 exclusion
D:2 1 runed door, Sigmund


Innate Abilities, Weirdness & Mutations

You do not eat or drink.
Your flesh is vulnerable to fire.
You are immune to poison.
You possess an exceptional clarity of mind.
Your flesh is cold resistant. (rC+)
You are immune to negative energy. (rN+++)
You are immune to unholy pain and torment.
You can survive without breathing.
Your hexes are more powerful.


Message History

Aiming: Flame Tongue (safe; 1% risk of failure)
Press: ? - help, Shift-Dir - straight line, f/p - orc
Aim: an orc, wielding a +0 club (almost dead)
The flame tongue hits the orc!
You kill the orc!
m - 3 scrolls of teleportation (gained 1)
Things that are here:
a +0 club; an orc corpse You see here a scale mail.
h - 3 scrolls of remove curse (gained 1)
A centaur comes into view.
The centaur wields a +0 shortbow.
The centaur shoots an arrow.
The arrow hits you!
A centaur is nearby!
The centaur shoots an arrow.
The arrow hits you.
The centaur shoots an arrow.
The arrow hits you!
The centaur shoots an arrow.
The arrow hits you!
* * * LOW HITPOINT WARNING * * *
The centaur shoots an arrow.
The arrow hits you!
You die...

#.####+#........
#.# .......##.#
..#.##.#########.#
..#....... #.#
..#.....# #c#
..#.....# #.#
........##. #.#
.##........ #.#
.......# #@#
##.....# #.#
.......# #.#
##...).# #.#
##..##.#########.#
....##...........#
###..[..##########
######.## .......#


You could see a centaur.

Vanquished Creatures
  Duvessa (D:4)
  2 ogres (D:4)
  A centaur (D:4)
  A scorpion (D:4)
  3 orc priests
  A crimson imp (D:4)
  An orc wizard (D:3)
  A worker ant (D:3)
  2 adders
  4 worms
  A dart slug (D:2)
  2 leopard geckos
  15 orcs
  3 bats
  3 giant cockroaches
  A goblin (D:2)
  9 hobgoblins
  A quokka (D:2)
  A ball python (D:2)
  5 frilled lizards
  6 kobolds
  4 rats
68 creatures vanquished.

Notes
Turn   | Place    | Note
-------+----------+-------------------------------------------
     0 | D:1      | Mehrunes the Mummy Fire Elementalist began the quest for
                  | the Orb.
     0 | D:1      | Reached XP level 1. HP: 13/13 MP: 4/4
   152 | D:1      | Reached skill level 1 in Conjurations
   378 | D:1      | Reached XP level 2. HP: 14/19 MP: 3/6
   959 | D:2      | Noticed Sigmund
  1060 | D:2      | Reached XP level 3. HP: 22/24 MP: 1/7
  1328 | D:2      | Learned a level 3 spell: Conjure Flame
  1413 | D:2      | Found a runed door.
  1529 | D:2      | Reached skill level 3 in Fire Magic
  2031 | D:3      | Reached XP level 4. HP: 27/30 MP: 0/10
  2191 | D:3      | Reached XP level 5. HP: 7/35 MP: 8/11
  2370 | D:3      | Learned a level 4 spell: Sticky Flame
  2485 | D:3      | Found a burning altar of Makhleb.
  2485 | D:3      | Noticed a balrug
  2488 | D:3      | Noticed a neqoxec
  2488 | D:3      | Noticed an orange demon
  2734 | D:3      | Reached skill level 4 in Fire Magic
  3115 | D:4      | Noticed an ogre
  3129 | D:4      | Killed an ogre
  3130 | D:4      | Reached XP level 6. HP: 41/41 MP: 3/12
  3278 | D:4      | Noticed Duvessa
  3297 | D:4      | Killed Duvessa
  3499 | D:4      | Reached XP level 7. HP: 38/46 MP: 8/13
  3704 | D:4      | Found Wuqud's Antique Weapon Shoppe.
  3758 | D:4      | Reached skill level 5 in Fire Magic
  4024 | D:4      | Shot with an arrow by a centaur

Skill      XL: |  1  2  3  4  5  6  7 |
---------------+----------------------+-----
Conjurations   | 1 2 3 4 |  4.4
Spellcasting   | 3 4 |  4.0
Fire Magic     | 3 4 5 |  5.1
Dodging        | |  1.5
Stealth        | |  2.1

Action                   |  1- 3 |  4- 6 |  7- 9 || total
-------------------------+-------+-------+-------++-------
Melee: Dagger            |     1 |       |       ||     1
       Unarmed           |     1 |       |       ||     1
       Short sword       |       |    20 |     4 ||    24
 Cast: Flame Tongue      |    98 |    55 |    12 ||   165
       Conjure Flame     |       |     2 |     1 ||     3
       Sticky Flame      |       |     1 |     1 ||     2
Evoke: Wand              |       |     3 |       ||     3
  Use: Scroll            |     3 |     1 |       ||     4
Armor: Robe              |     6 |     5 |       ||    11
Dodge: Dodged            |    44 |    24 |     1 ||    69
